 Dungeon Crawl Stone Soup version 0.17-a0-2122-g03d97ec (webtiles) character file.

61459 septik the Severer (level 14, 0/98 HPs)
             Began as a Minotaur Berserker on Oct 21, 2015.
             Was the Champion of Trog.
             Slain by a starspawn tentacle (1 damage)
             ... attached to a tentacled starspawn
             ... on level 1 of the Abyss.
             The game lasted 01:58:08 (19997 turns).

septik the Severer (Minotaur Berserker)            Turns: 19997, Time: 01:58:09

Health: 0/98       AC: 16    Str: 25      XL:     14   Next: 60%
Magic:  0/29       EV:  6    Int: -1 (0)  God:    Trog [******]
Gold:   1598       SH:  5    Dex:  7 (8)  Spells: 0 memorised, 13 levels left

rFire  + . .     SeeInvis .     V - +5 war axe of the Spider Nest {flame, *Corrode +Inv MP+9 Str+4}
rCold  x . .     Rnd*Rage +     U - +1 plate armour of Keitocoh {rCorr}
rNeg   . . .     SustAt   .     X - +0 buckler
rPois  +         Gourm    .     (helmet restricted)
rElec  +         Spirit   +     w - +0 cloak
rCorr  +         Warding  .     q - +2 pair of gloves
rMut   .         Rnd*Tele +     (no boots)
MR     +....                    P - amulet of guardian spirit
Stlth  ..........               Q - +6 ring of protection
                                C - ring "Jydwaz" {Fire rElec rPois MP+9}

@: corroded equipment, non-regenerating, mildly diseased, slowed, lost
intelligence, constricted, very slow, somewhat resistant to hostile
enchantments, extremely unstealthy
A: retaliatory headbutt, horns 2, berserk 3, blurry vision 3, clumsy 2, deformed
body, deterioration 2, dopey 2, frail 3, low mp 3, screaming 3, slow
regeneration 3, teleportitis 3, weak 2, no device heal 3, subdued magic 3,
MP-powered wands
a: Berserk, Trog's Hand, Brothers in Arms, Burn Spellbooks, Renounce Religion,
Evoke Invisibility


You were on level 1 of the Abyss.
You worshipped Trog.
Trog was exalted by your worship.
You were very hungry.

You visited 3 branches of the dungeon, and saw 22 of its levels.
You visited the Abyss 1 time.
You also visited: Labyrinth.

You collected 1774 gold pieces.
You spent 176 gold pieces at shops.

Inventory:

Hand Weapons
 l - a +5 antimagic war axe
 p - a +5 antimagic executioner's axe
 L - a +0 vampiric broad axe
 V - the +5 war axe of the Spider Nest (weapon) {flame, *Corrode +Inv MP+9 Str+4}
   (You found it on level 4 of the Lair of Beasts)

   It has been specially enchanted to burn those struck by it, causing extra
   injury to most foes and up to half again as much damage against particularly
   susceptible opponents.
   Big, fiery blades are also staple armaments of hydra-hunters.
   It affects your strength (+4).
   It affects your magic capacity (+9).
   It lets you turn invisible.
   It may corrode your equipment when you take damage.
Missiles
 Z - 5 silver javelins (quivered)
Armour
 n - a +0 shield
 q - a +2 pair of gloves (worn)
 w - a +0 cloak (worn)
 N - a +0 shield of reflection
 U - the +1 plate armour of Keitocoh (worn) {rCorr}
   (You found it on level 7 of the Dungeon)

   It protects you from acid and corrosion.
 X - a +0 buckler (worn)
Jewellery
 t - a +2 ring of evasion
 y - an uncursed ring of protection from fire
 B - an uncursed ring of protection from magic
 C - the ring "Jydwaz" (left hand) {Fire rElec rPois MP+9}
   (You found it in a labyrinth)

   [ring of fire]

   It enhances your fire magic, and weakens your ice magic.
   It protects you from fire.
   It makes you vulnerable to cold.
   It insulates you from electricity.
   It protects you from poison.
   It affects your magic capacity (+9).
 P - an amulet of guardian spirit (around neck)
 Q - a +6 ring of protection (right hand)
 T - an uncursed ring of protection from cold
 Y - a +5 ring of evasion
Wands
 v - a wand of enslavement (10)
 z - a wand of frost (23)
 D - a wand of lightning (14)
 K - a wand of confusion (23)
 M - a wand of fire (13)
 O - a wand of digging (19)
 S - a wand of paralysis (20)
Scrolls
 f - 4 scrolls of fog
 m - 3 scrolls of enchant weapon
 x - 7 scrolls of remove curse
 A - 4 scrolls of teleportation
 E - a scroll of immolation
 F - 5 scrolls of enchant armour
 R - 2 scrolls of magic mapping
Potions
 e - 4 potions of ambrosia
 g - 2 potions of flight
 h - 10 potions of curing
 j - 3 potions of haste
 k - 2 potions of might
 o - 3 potions of brilliance
 r - 2 potions of resistance
 H - a potion of agility
 J - 3 potions of heal wounds
 W - a potion of lignification
Miscellaneous
 a - a lamp of fire
Comestibles
 b - 39 fruits
 c - 8 bread rations
 i - 11 meat rations
 s - 5 slices of pizza
 u - 11 royal jellies
 G - 3 beef jerkies


   Skills:
 * Level 17.3 Fighting
 - Level 18.4(18.7) Axes
   Level 5.8(13.5) Maces & Flails
 + Level 8.1 Armour
 + Level 6.6 Dodging
 * Level 9.6 Shields
 + Level 4.3 Evocations


You had 13 spell levels left.
You didn't know any spells.

Dungeon Overview and Level Annotations

Branches:
Dungeon (10/15)            Temple (0/1) D:6            Lair (8/8) D:10
 Shoals (0/4) Lair:6       Spider (0/4) Lair:4        Slime (0/6) Lair:8
    Orc (4/4) D:9             Elf (0/3) Orc:4

Altars:
Cheibriados
Kikubaaqudgha
Okawaru
Sif Muna
Trog
Vehumet
The Shining One
Beogh
Jiyva

Shops:
D:4 ([   Orc:4 ?%

Annotations:
Orc:4 Sonja


Innate Abilities, Weirdness & Mutations

You reflexively headbutt those who attack you in melee.
You have a pair of horns on your head.
[You have an uncontrollable temper.]
[Scrolls take you much longer to read.]
[You are very clumsy. (Dex -4)]
[Armour fits poorly on your strangely shaped body.]
[Your body often deteriorates upon taking damage.]
[You are very dopey. (Int -4)]
[You are extremely frail (-30% HP).]
[Your magical capacity is extremely low (-30% MP).]
[You frequently scream uncontrollably at your foes.]
[You do not regenerate naturally.]
[You are often teleported to nearby monsters.]
[You are very weak. (Str -4)]
[Potions and wands cannot restore your health.]
[Your spells are much easier to cast, but much less powerful.]
[You expend magic power (3 MP) to strengthen your wands.]


Message History

The wretched star pulses with an eldritch light!
The efreet twists and deforms.
A tentacle flies out from the starspawn's body!
The efreet hits you but does no damage.
You block the starspawn tentacle's attack.
You block the freezing wraith's attack. x2
A starcursed mass comes into view.
The starspawn tentacle grabs you. The starspawn tentacle constricts you.
A starcursed mass splits.
The starspawn tentacle loses its grip on you.
The tentacle pulls you backwards!
A tentacle flies out from the starspawn's body!
The starspawn tentacle grabs you. The starspawn tentacle constricts you.
A starcursed mass splits.
You escape the starspawn tentacle's grasp.
You block the freezing wraith's attack.
The freezing wraith hits you but does no damage.
A starcursed mass splits.
You block the freezing wraith's attack. The freezing wraith closely misses you.
The starspawn tentacle grabs you.
You die...

... .. ##X#
##.XX####
..#....X#. ##
......... # ##
#.....# #.#.. .
#@###≈≈≈.## ...
#Ww**.≈≈≈≈. . #
#Xw##*#≈.≈# #.#
##***.≈# #
#.#.##x*3.≈.#
#.#.#..##R≈≈#.#
.....##.≈.≈.#
.. #. ...≈♣♣.#
## ##.#...##≈..


You could see 4 starcursed masses, a tentacled starspawn, a wretched star, a
freezing wraith, an efreet, a chaos spawn and 2 starspawn tentacles.

Vanquished Creatures
  Donald (Orc:4)
  Nessos (Lair:6)
  A minotaur (Lab)
  Josephine (Orc:3)
  2 hydras
  Harold (Lair:1)
  A catoblepas (Lair:6)
  2 orc high priests (Orc:4)
  Nergalle (Orc:3)
  A hill giant (D:10)
  2 griffons
  An orc knight (Orc:2)
  2 sirens (Lair:6)
  25 elephants
  3 black mambas
  18 spiny frogs
  11 komodo dragons
  A troll (Orc:4)
  2 spriggan druids (Lair:8)
  4 fire drakes
  A queen bee (Lair:3)
  2 merfolk (Lair:6)
  8 polar bears (Lair:8)
  6 blink frogs
  9 spriggans (Lair:8)
  6 redbacks (Lair:8)
  30 yaks
  5 wraiths
  2 wyverns (D:8)
  A steam dragon (Lair:8)
  7 wargs
  9 hippogriffs
  2 basilisks (Lair:5)
  A hungry ghost (D:10)
  37 wolves
  19 water moccasins
  2 ice beasts
  10 orc warriors
  12 porcupines
  3 wasps
  7 black bears (Lair:8)
  A necrophage (D:10)
  3 phantoms
  11 ogres
  13 crocodiles
  2 big kobolds
  15 giant frogs
  4 scorpions
  An electric eel (Lair:5)
  32 killer bees
  3 wights (D:10)
  5 crimson imps
  A centaur zombie (D:5)
  2 centaur skeletons
  A gnoll shaman (D:9)
  2 hounds
  26 orc priests
  11 orc wizards
  An iron imp (Abyss:1)
  2 jellies
  7 worker ants
  9 iguanas
  18 sheep
  A hound zombie (D:6)
  2 hound skeletons
  A mummy (D:8)
  2 worker ant zombies
  6 gnolls (D:9)
  9 adders
  A shadow imp (D:8)
  69 river rats
  An adder zombie (D:6)
  An ooze (D:1)
  2 adder skeletons (D:8)
  6 worms
  7 giant geckos
  104 orcs
  3 ball pythons
  4 bats
  11 giant cockroaches
  6 hobgoblins
  11 jackals
  A quokka (D:6)
  2 giant gecko skeletons (D:4)
  5 giant newts
  6 goblins
  10 kobolds
  10 rats
  2 bushes (Lair:4)
  14 fungi
  14 plants
741 creatures vanquished.

Vanquished Creatures (collateral kills)
  A hydra (Lair:2)
1 creature vanquished.

Vanquished Creatures (others)
  A white imp (Abyss:1)
  38 fungi
  15 plants
  18 starspawn tentacles (Abyss:1)
  491 starspawn tentacle segments (Abyss:1)
563 creatures vanquished.

Grand Total: 1305 creatures vanquished

Notes
Turn   | Place    | Note
--------------------------------------------------------------
     0 | D:1      | septik the Minotaur Berserker began the quest for the Orb.
     0 | D:1      | Reached XP level 1. HP: 19/19 MP: 0/0
   109 | D:1      | Reached skill level 4 in Fighting
   124 | D:1      | Reached XP level 2. HP: 20/27 MP: 1/1
   604 | D:2      | Reached XP level 3. HP: 33/33 MP: 2/2
   642 | D:2      | Reached ** piety under Trog
  1029 | D:3      | Reached skill level 5 in Maces & Flails
  1029 | D:3      | Reached XP level 4. HP: 41/41 MP: 3/3
  1715 | D:4      | Reached skill level 5 in Fighting
  1715 | D:4      | Reached skill level 1 in Axes
  1715 | D:4      | Reached XP level 5. HP: 46/48 MP: 4/4
  1722 | D:4      | Reached *** piety under Trog
  1733 | D:4      | Noticed a phantom
  1758 | D:4      | Killed a phantom
  1758 | D:4      | Reached XP level 6. HP: 38/56 MP: 5/5
  1806 | D:4      | Found Warusi's Antique Armour Boutique.
  2179 | D:4      | Reached skill level 6 in Fighting
  2179 | D:4      | Reached skill level 5 in Axes
  2354 | D:4      | Found Nerhal's Antique Weapon Boutique.
  2543 | D:4      | Reached XP level 7. HP: 63/63 MP: 6/6
  2664 | D:5      | Entered Level 5 of the Dungeon
  3083 | D:5      | Reached **** piety under Trog
  3436 | D:6      | Reached skill level 7 in Axes
  3661 | D:6      | Found a staircase to the Ecumenical Temple.
  3811 | D:6      | Reached XP level 8. HP: 73/73 MP: 7/7
  4007 | D:7      | Reached skill level 8 in Axes
  4114 | D:7      | Reached skill level 9 in Axes
  4215 | D:7      | Found a glowing golden altar of the Shining One.
  4315 | D:7      | Got a sapphire-encrusted plate armour
  4326 | D:7      | Identified the cursed +1 plate armour of Keitocoh {rCorr} (You found it on level 7 of the Dungeon)
  4396 | D:8      | Reached skill level 10 in Axes
  4417 | D:8      | Noticed a moth of wrath
  4423 | D:8      | Found a bloodstained altar of Trog.
  4576 | D:8      | Found a snail-covered altar of Cheibriados.
  4678 | D:8      | Reached XP level 9. HP: 71/82 MP: 8/8
  4891 | D:8      | Reached skill level 11 in Axes
  4952 | D:8      | Reached ***** piety under Trog
  5761 | D:9      | Received a gift from Trog
  5761 | D:9      | Reached skill level 12 in Axes
  5806 | D:9      | Reached skill level 10 in Fighting
  5893 | D:9      | Found an ancient bone altar of Kikubaaqudgha.
  5894 | D:9      | Received a gift from Trog
  5898 | D:9      | Found a deep blue altar of Sif Muna.
  5898 | D:9      | Found a radiant altar of Vehumet.
  6044 | D:9      | Found an iron altar of Okawaru.
  6433 | D:9      | Found a staircase to the Orcish Mines.
  6578 | D:10     | Entered Level 10 of the Dungeon
  6604 | D:10     | Found a staircase to the Lair.
  6604 | D:10     | Noticed a fire drake
  6615 | D:10     | Killed a fire drake
  6615 | D:10     | Reached XP level 10. HP: 76/93 MP: 9/9
  6659 | D:10     | Reached skill level 13 in Axes
  7012 | D:10     | Noticed a hill giant
  7071 | D:10     | Killed a hill giant
  7295 | Lair:1   | Entered Level 1 of the Lair of Beasts
  7451 | Lair:1   | Noticed Harold
  7467 | Lair:1   | Killed Harold
  7467 | Lair:1   | Reached skill level 14 in Axes
  8228 | Lair:2   | Reached skill level 15 in Axes
  8439 | Lair:2   | Received a gift from Trog
  8440 | Lair:2   | Reached XP level 11. HP: 103/103 MP: 10/10
  8696 | Lair:2   | Noticed a seven-headed hydra
  8702 | Lair:2   | Killed a seven-headed hydra
  9420 | Lair:3   | Reached skill level 16 in Axes
 10793 | Lair:4   | Received a gift from Trog
 10815 | Lair:4   | Reached skill level 17 in Axes
 11182 | Lair:4   | Reached XP level 12. HP: 97/115 MP: 3/11
 11222 | Lair:4   | Got a crystal war axe
 11223 | Lair:4   | Identified the +5 war axe of the Spider Nest {flame, *Corrode +Inv MP+9 Str+4} (You found it on level 4 of the Lair of Beasts)
 11254 | Lair:4   | Found a hole to the Spider Nest.
 11698 | Lair:4   | Reached skill level 18 in Axes
 12120 | Lair:4   | Reached skill level 1 in Shields
 12146 | Lair:4   | Reached ****** piety under Trog
 12170 | Lair:4   | Reached skill level 1 in Evocations
 12598 | Lair:5   | Found a labyrinth entrance.
 12607 | Lab      | Entered a labyrinth
 12833 | Lab      | Noticed a minotaur
 12838 | Lab      | Killed a minotaur
 12852 | Lab      | Received a gift from Trog
 12867 | Lab      | Got a faintly glowing pewter ring
 12882 | Lab      | Identified the ring "Jydwaz" {Fire rElec rPois MP+9} (You found it in a labyrinth)
 12933 | Lair:5   | Reached skill level 15 in Fighting
 13331 | Lair:5   | Reached XP level 13. HP: 126/126 MP: 13/13
 13541 | Lair:5   | Noticed a four-headed hydra
 13558 | Lair:5   | Killed a one-headed hydra
 13847 | Lair:5   | Reached skill level 5 in Armour
 14131 | Lair:6   | Found a staircase to the Shoals.
 14135 | Lair:6   | Noticed Nessos
 14149 | Lair:6   | Killed Nessos
 14253 | Lair:6   | Reached skill level 5 in Shields
 14447 | Lair:6   | Received a gift from Trog
 16213 | Lair:8   | Entered Level 8 of the Lair of Beasts
 16356 | Lair:8   | Found a viscous altar of Jiyva.
 16357 | Lair:8   | Found a staircase to the Slime Pits.
 16435 | Lair:8   | Reached XP level 14. HP: 122/138 MP: 15/15
 16512 | Lair:8   | Reached skill level 5 in Dodging
 16515 | Lair:8   | Received a gift from Trog
 17739 | Orc:1    | Entered Level 1 of the Orcish Mines
 17744 | Orc:1    | Received a gift from Trog
 18692 | Orc:3    | Noticed Nergalle
 18745 | Orc:3    | Killed Nergalle
 18954 | Orc:3    | Noticed Sonja
 18956 | Orc:3    | Received a gift from Trog
 18969 | Orc:3    | Found a roughly hewn altar of Beogh.
 19009 | Orc:3    | Noticed Josephine
 19503 | Orc:3    | Killed Josephine
 19529 | Orc:4    | Entered Level 4 of the Orcish Mines
 19529 | Orc:4    | Found a staircase to the Elven Halls.
 19529 | Orc:4    | Noticed Donald
 19541 | Orc:4    | Killed Donald
 19597 | Orc:4    | Found Efidwu Ures's Food Boutique.
 19651 | Orc:4    | Found Terafes's Magic Scroll Shoppe.
 19669 | Orc:4    | Bought a scroll of magic mapping for 56 gold pieces
 19669 | Orc:4    | Bought a scroll of identify for 32 gold pieces
 19684 | Orc:4    | Bought a scroll of identify for 32 gold pieces
 19684 | Orc:4    | Bought a scroll of magic mapping for 56 gold pieces
 19724 | Orc:4    | Cast into the Abyss (Sonja)
 19799 | Abyss:1  | Noticed a tentacled starspawn
 19921 | Abyss:1  | Gained mutation: [Your magical capacity is low (-10% MP).] [a neqoxec]
 19923 | Abyss:1  | Found a corrupted altar of Lugonu.
 19965 | Abyss:1  | Noticed a tentacled starspawn
 19973 | Abyss:1  | Lost intelligence.
 19994 | Abyss:1  | HP: 1/98 [efreet/fireball (7)]
 19997 | Abyss:1  | Slain by a starspawn tentacle

Vault maps used:
D:1:      saegor_arrival_simple_b, minivault_14, lemuel_old_faithful
D:3:      first_bread
D:4:      serial_shops, kennysheep_mini_moat, shop_fountains
D:6:      temple_statues
D:7:      tso_altar
D:8:      tgw_trog, slow_altar_1, blue_anna_alchemist
D:9:      grunt_temple_overflow_magic_moments, nicolae_overflow_crystal_walls,
          david_orc_4
D:10:     minmay_lair_entry_lava
Lair:1:   minmay_holes, grunt_forest_small_clearing_treed, uniq_harold
Lair:3:   st_stairs_5, grunt_megastairs_3
Lair:4:   mu_elephants_graveyard, spider_nest_entry_web_field,
          beast_lair_carwin_8
Lair:5:   forest_paths, lab_entry_generic, serial_bayou_shore_a
Lair:6:   elwin_shoals_entry_stream, small_statue_intersection, uniq_nessos
Lair:8:   minmay_lair_end_enchanted_forest, slime_altar_1, serial_bayou_pond_a,
          st_stairs_8, infiniplex_staircase_pool
Orc:3:    basic_altar, nicolae_orc_pool_cavern, uniq_nergalle, uniq_sonja,
          uniq_josephine
Orc:4:    st_orc_town, serial_shops, nicolae_shop_stone,
          nicolae_orc_sculptors_studio, uniq_donald
Lab:      labyrinth_spiral, lab_fountain, nicolae_lab_stuck,
          labyrinth_skeletal_remains, nicolae_lab_hexagon

Action                   |  1- 3 |  4- 6 |  7- 9 | 10-12 | 13-15 || total
-------------------------+-------+-------+-------+-------+-------++-------
Melee: Mace              |    35 |       |       |       |       ||    35
       Dagger            |    41 |     2 |       |       |       ||    43
       Falchion          |       |    31 |       |       |       ||    31
       War axe           |       |    61 |   292 |   348 |   676 ||  1377
       Executioner's axe |       |       |       |   187 |       ||   187
Throw: Javelin           |       |       |       |     8 |       ||     8
Invok: Berserk           |     1 |     4 |     2 |     5 |     7 ||    19
       Burn Spellbooks   |       |       |     4 |     5 |       ||     9
       Brothers in Arms  |       |       |       |     1 |       ||     1
Evoke: Wand              |       |       |       |     2 |       ||     2
  Use: Scroll            |       |       |    20 |     8 |     8 ||    36
       Potion            |       |       |       |     1 |     1 ||     2
 Stab: Sleeping          |     4 |       |       |       |       ||     4
  Eat: Chunk             |       |     9 |    12 |    18 |    28 ||    67
       Bread ration      |       |       |     1 |     1 |       ||     2
       Meat ration       |       |       |       |     1 |       ||     1
